 Dungeon Sprint DCSS version 0.16-a0-3781-g2316936 (console) character file.

361 Monkaria the Cleaver (level 6, -45/60 HPs)
             Began as a Hill Orc Fighter on Jan 25, 2015.
             Was an Initiate of Makhleb.
             Killed from afar by Lom Lobon (87 damage)
             ... with a great icy blast
             ... in the Dungeon (Sprint I: "Red Sonja").
             The game lasted 00:01:45 (533 turns).

Monkaria the Cleaver (Hill Orc Fighter)              Turns: 533, Time: 00:01:46

Health: -45/60     AC: 15    Str: 21    XL:     6   Next: 66%
Magic:  6/6        EV:  5    Int:  8    God:    Makhleb [......]
Gold:   315        SH:  9    Dex: 10    Spells: 0 memorised, 5 levels left

rFire  + . .     SeeInvis .     a - +0 war axe
rCold  . . .     Clarity  .     l - +4 chain mail {rF+}
rNeg   . . .     SustAb   .     c - +0 shield
rPois  .         Gourm    .     (no helmet)
rElec  .         Spirit   .     (no cloak)
rCorr  .         Warding  .     (no gloves)
rMut   .         NoTele   +     (no boots)
MR     .....                    (no amulet)
Stlth  ..........               (no ring)
                                (no ring)

@: hasted, very quick, not resistant to hostile enchantments, extremely
unstealthy
A: no striking features
a: Renounce Religion


You were in the Dungeon.
You worshipped Makhleb.
Makhleb was noncommittal.
You were not hungry.

You visited 1 branch You collected 315 gold pieces.

Inventory:

Hand weapons
 a - a +0 war axe (weapon)
Armour
 c - a +0 shield (worn)
 l - a +4 chain mail of fire resistance (worn)
Scrolls
 b - a scroll of recharging {unknown}
 k - a scroll of blinking
Potions
 e - a potion of might
 f - a potion of curing
 g - a potion of heal wounds
 i - 2 potions of magic
 j - a potion of berserk rage
Comestibles
 d - a meat ration


   Skills:
 - Level 7.2 Fighting
 - Level 13.1 Axes
 + Level 8.8 Armour
 - Level 3.2 Shields


You had 5 spell levels left.
You didn't know any spells.

Dungeon Overview and Level Annotations

Branches:
Dungeon (1/1)

Altars:
Elyvilon
Gozag
Kikubaaqudgha
Makhleb
Nemelex Xobeh
Okawaru
Qazlal
Ru
Sif Muna
Trog
Vehumet
Xom
Yredelemnul
Zin
The Shining One

Shops:
D (

Annotations:
D Lom Lobon, Sonja


Message History

Makhleb welcomes you!
Unknown command.
There is an entrance to Shroqoy's Weapon Emporium here.
There is an open door, spattered with blood here.
You start resting.
Found 54 gold pieces.
Sonja, the Graceful Assassin comes into view.
She is wielding a dagger of distortion.
Read which item? (? for menu, Esc to quit)
Okay, then.
Unknown command.
Drink which item? (? for menu, Esc to quit)
You feel yourself speed up.
Sonja shouts!
Lom Lobon screams, "Turn tail, thou defiled nut-hook harpy!"
Sonja moves out of view.
Lom Lobon gestures at you.
Lom Lobon conjures a mighty blast of ice!
The great icy blast engulfs you!
Ouch! That really hurt!
You die...

################
#<.#..)..#..'..#
#..'[.#..').#..+
#..#####'#####'#
#..####..#...#.#
#..#__####..##.#
#..#_..__##'#..+
#⌠⌠#_.∩...'§§@_#
####_..._##_§#+#
#_____###§#
####### #& $. $.
##. #+


You could see Lom Lobon.

Vanquished Creatures
  A yak (D)
  An ogre (D)
  Sigmund (D)
  A jelly (D)
  Ijyb (D)
5 creatures vanquished.

Vanquished Creatures (others)
  A deep elf master archer (D)
  A siren (D)
2 creatures vanquished.

Grand Total: 7 creatures vanquished

Notes
Turn   | Place    | Note
--------------------------------------------------------------
     0 | D        | Monkaria, the Hill Orc Fighter, began the quest for the Orb.
     0 | D        | Reached XP level 1. HP: 19/19 MP: 1/1
     2 | D        | Noticed Ijyb
    16 | D        | Killed Ijyb
    16 | D        | Reached skill level 5 in Fighting
    16 | D        | Reached skill level 6 in Axes
    16 | D        | Reached XP level 2. HP: 17/29 MP: 2/2
   141 | D        | Noticed an ogre
   149 | D        | Killed an ogre
   149 | D        | Reached skill level 7 in Fighting
   149 | D        | Reached skill level 9 in Axes
   149 | D        | Reached XP level 3. HP: 10/39 MP: 3/3
   149 | D        | Reached XP level 4. HP: 12/47 MP: 4/4
   379 | D        | Noticed Sigmund
   399 | D        | Killed Sigmund
   399 | D        | Reached skill level 12 in Axes
   399 | D        | Reached XP level 5. HP: 42/52 MP: 5/5
   464 | D        | Found a deep blue altar of Sif Muna.
   465 | D        | Noticed a jelly
   466 | D        | Found a radiant altar of Vehumet.
   472 | D        | Killed a jelly
   472 | D        | Reached skill level 13 in Axes
   496 | D        | Found Shroqoy's Weapon Emporium.
   496 | D        | Found a white marble altar of Elyvilon.
   496 | D        | Found a stormy altar of Qazlal.
   496 | D        | Found a burning altar of Makhleb.
   496 | D        | Found a sacrificial altar of Ru.
   496 | D        | Found a basalt altar of Yredelemnul.
   496 | D        | Found a glowing golden altar of the Shining One.
   496 | D        | Found a sparkling altar of Nemelex Xobeh.
   496 | D        | Found a shimmering altar of Xom.
   496 | D        | Found an opulent altar of Gozag.
   496 | D        | Found an ancient bone altar of Kikubaaqudgha.
   496 | D        | Found a glowing silver altar of Zin.
   496 | D        | Noticed a yak
   509 | D        | Killed a deep elf master archer
   510 | D        | Killed a yak
   510 | D        | Reached XP level 6. HP: 38/60 MP: 6/6
   511 | D        | Found an iron altar of Okawaru.
   512 | D        | Found a bloodstained altar of Trog.
   512 | D        | Killed a siren
   516 | D        | Became a worshipper of Makhleb the Destroyer
   533 | D        | Noticed Sonja
   533 | D        | Noticed Lom Lobon
   533 | D        | Killed from afar by Lom Lobon

Action                   |  1- 3 |  4- 6 || total
-------------------------+-------+-------++-------
Melee: War axe           |    22 |    31 ||    53
  Use: Potion            |       |     1 ||     1
